 Dungeon Crawl Stone Soup version 0.22-a0-135-g6f012ad52b (webtiles) character file.

176 MrRokkomies the Caller (level 5, -10/82 HPs)
             Began as an Ogre Summoner on Feb 1, 2018.
             Was an Initiate of Kikubaaqudgha.
             Mangled by an iguana (15 damage)
             ... on level 4 of the Dungeon.
             The game lasted 00:09:37 (3636 turns).

MrRokkomies the Caller (Ogre Summoner)              Turns: 3636, Time: 00:09:38

Health: -10/82     AC:  3    Str: 17    XL:     5   Next: 56%
Magic:  2/8        EV: 10    Int: 17    God:    Kikubaaqudgha [......]
Gold:   102        SH:  0    Dex: 15    Spells: 3/8 levels left

rFire    . . .     SeeInvis .   v - +1 spear
rCold    . . .     Gourm    .   (no shield)
rNeg     . . .     Faith    .   a - +0 robe
rPois    .         Spirit   .   (helmet restricted)
rElec    .         Reflect  .   q - scarf {repulsion}
rCorr    .         Harm     .   (gloves unavailable)
MR       .....                  (boots unavailable)
Stlth    ..........             (no amulet)
HPRegen  0.23/turn              f - +6 ring of dexterity
MPRegen  0.11/turn              (no ring)

@: berserking, repel missiles, very quick
A: large, unfitting armour, tough skin 1
a: Renounce Religion


You were on level 4 of the Dungeon.
You worshipped Kikubaaqudgha.
Kikubaaqudgha was noncommittal.
You were very hungry.

You visited 2 branches of the dungeon, and saw 5 of its levels.

You collected 102 gold pieces.

Inventory:

Hand Weapons
 v - a +1 spear (weapon)
Armour
 a - a +0 robe (worn)
 q - a scarf of repulsion (worn)
Jewellery
 f - a +6 ring of dexterity (left hand)
Wands
 m - a wand of flame (28)
Scrolls
 j - 2 scrolls of remove curse
 k - a scroll of fear
 l - a scroll of identify
 t - a scroll of magic mapping
Potions
 d - a potion of cancellation
 e - 2 potions of degeneration {unknown}
 g - 3 potions of lignification
 h - 3 potions of flight
 i - 2 potions of berserk rage
 n - a potion of resistance {unknown}
 o - a potion of ambrosia {unknown}
 p - a potion of curing {unknown}
 r - 2 potions of heal wounds {unknown}
Books
 b - a book of Callings

   Spells                             Type                      Level
   a - Summon Small Mammal            Summoning                    1
   b - Call Imp                       Summoning                    2
   c - Call Canine Familiar           Summoning                    3
   d - Summon Guardian Golem          Hexes/Summoning              3
   e - Summon Lightning Spire         Summoning/Air                4
   f - Summon Ice Beast               Ice/Summoning                4
Comestibles
 c - 7 rations


   Skills:
 * Level 4.6 Fighting
 - Level 1.7 Dodging
 - Level 1.4 Stealth
 - Level 2.4 Spellcasting
 * Level 5.0 Summonings


You had 3 spell levels left.
You knew the following spells:

 Your Spells              Type           Power        Failure   Level  Hunger
b - Call Imp              Summ           ###.....     3%          2    ##.....
c - Call Canine Familiar  Summ           ###.....     7%          3    ###....


Dungeon Overview and Level Annotations

Branches:
Dungeon (4/15)             Temple (1/1) D:4

Altars:
Ashenzari
Cheibriados
Elyvilon
Gozag
Hepliaklqana
Kikubaaqudgha
Makhleb
Nemelex Xobeh
Okawaru
Qazlal
Sif Muna
Uskayaw
Vehumet
Xom
Yredelemnul
Zin
The Shining One

Annotations:
D:3 MrRokkomies's ghost, amateur KoHu
D:4 Grinder


Innate Abilities, Weirdness & Mutations

You are too large for most types of armour.
You have tough skin. (AC +1)


Message History

The iguana barely misses you.
Casting: Call Canine Familiar (safe; 7% risk of failure)
Confirm with . or Enter, or press ? or * to list all spells.
Your hound disappears in a puff of smoke!
The iguana bites you!
* * * LOW HITPOINT WARNING * * *
Unknown command.
You barely miss the iguana.
The iguana is moderately wounded.
The iguana bites you!
* * * LOW HITPOINT WARNING * * *
A red film seems to cover your vision as you go berserk!
You feel yourself moving faster!
You feel mighty! The iguana barely misses you.
You hit the iguana.
The iguana is heavily wounded.
You barely miss the iguana.
The iguana is heavily wounded.
The iguana bites you!
You die...
Kikubaaqudgha rasps: "You have failed me!
Welcome... death!"

##.....#.........# ####...#
.#.....#.........######...>.##
.....#.####....#........#####
#....#.##....#.#..#######
##...#.##.#.##....#
###...##.#.#..<.## ##
##...#.#....#.# .##
#........#...## ..#
#........##.@.#
.8###.......###h#l#
...##.......# #. .#
.#....#.#..## #. ..
....###(#..# #. ...
###.#...#### #. ...# ##...###
#. ...# #..### #. ...# ##..##


You could see an iguana and a friendly hound.

Vanquished Creatures
  A hound (D:4)
  4 adders
  An adder skeleton (D:4)
  A worm (D:4)
  2 leopard geckos (D:3)
  4 bats
  4 hobgoblins
  A quokka (D:3)
  3 frilled lizards
  5 goblins
  A kobold (D:2)
  3 rats
30 creatures vanquished.

Vanquished Creatures (collateral kills)
  A phantom (D:4)
  2 adders (D:2)
  A worm (D:4)
  2 dart slugs (D:1)
  An orc (D:3)
  2 ball pythons
  3 bats (D:1)
  2 giant cockroaches (D:1)
  A hobgoblin (D:2)
  A frilled lizard (D:1)
  3 kobolds
  A rat (D:1)
20 creatures vanquished.

Vanquished Creatures (others)
  4 toadstools (D:1)
4 creatures vanquished.

Grand Total: 54 creatures vanquished

Notes
Turn   | Place    | Note
-------+----------+-------------------------------------------
     0 | D:1      | MrRokkomies the Ogre Summoner began the quest for the Orb.
     0 | D:1      | Reached XP level 1. HP: 16/16 MP: 3/3
   213 | D:1      | Reached skill level 1 in Fighting
   405 | D:1      | Reached XP level 2. HP: 27/27 MP: 5/5
  1245 | D:1      | Reached skill level 4 in Summonings
  1354 | D:1      | Learned a level 2 spell: Call Imp
  1441 | D:2      | Reached XP level 3. HP: 30/36 MP: 2/6
  1897 | D:2      | Found a glowing golden altar of the Shining One.
  2359 | D:3      | Noticed MrRokkomies's ghost (amateur KoHu)
  2433 | D:3      | Reached XP level 4. HP: 32/45 MP: 4/7
  2826 | D:4      | Learned a level 3 spell: Call Canine Familiar
  2947 | D:4      | Noticed Grinder
  3083 | D:4      | Noticed a phantom
  3112 | D:4      | Killed a phantom
  3112 | D:4      | Reached XP level 5. HP: 33/55 MP: 4/8
  3165 | D:4      | Reached skill level 5 in Summonings
  3402 | D:4      | Found a staircase to the Ecumenical Temple.
  3409 | Temple   | Entered the Ecumenical Temple
  3542 | Temple   | Became a worshipper of Kikubaaqudgha
  3636 | D:4      | Mangled by an iguana

Vault maps used:
D:1:      ldierk_walled_garden_2, minmay_misc_feat_diagonals
D:2:      old_standard_altar, first_ration
D:3:      minmay_hedge_maze
D:4:      minmay_temple_entry_statues_pillars, uniq_grinder
Temple:   kb_temple_of_zot

Skill      XL: |  1  2  3  4  5 |
---------------+----------------+-----
Fighting       | 1 2 3 4 |  4.6
Summonings     | 4 5 |  5.0
Dodging        | |  1.7
Stealth        | |  1.4
Spellcasting   | |  2.4

Action                   |  1- 3 |  4- 6 || total
-------------------------+-------+-------++-------
Melee: Unarmed           |   124 |       ||   124
       Club              |    41 |       ||    41
       Mace              |    27 |    21 ||    48
       Flail             |       |    19 ||    19
       Spear             |       |    15 ||    15
 Cast: Summon Small Mamm |    22 |       ||    22
       Call Imp          |     9 |     7 ||    16
       Call Canine Famil |       |     4 ||     4
  Use: Scroll            |     8 |     5 ||    13
       Potion            |       |     1 ||     1
 Stab: Distracted        |     2 |       ||     2
       Sleeping          |    10 |     1 ||    11
  Eat: Chunk             |     5 |     4 ||     9
Armor: Robe              |    86 |    11 ||    97
Dodge: Dodged            |   129 |    36 ||   165

Table legend:
 A = Spawn XP
 B = Non-spawn XP
 C = Spawn XP percentage of total XP
 D = Spawn monster count
 E = Non-spawn monster count
 F = Spawn count percentage of total count
 G = Total turns spent on level
                    A         B        C        D         E        F      G
               +---------+---------+-------+---------+---------+-------+---------
         Total |       0 |     252 |   0.0 |       0 |      50 |   0.0 |  3636
               +---------+---------+-------+---------+---------+-------+---------
           D:1 |       0 |      25 |   0.0 |       0 |      18 |   0.0 |  1365
           D:2 |       0 |      43 |   0.0 |       0 |      16 |   0.0 |   736
           D:3 |       0 |      28 |   0.0 |       0 |       9 |   0.0 |   655
           D:4 |       0 |     156 |   0.0 |       0 |       7 |   0.0 |   720
               +---------+---------+-------+---------+---------+-------+---------
